 Dungeon Crawl Stone Soup version 0.29.1-4-g47bece8355 (webtiles) character file.

Game seed: 4002890062697463000

17638 conradc the Jinx (level 12, -7/89 HPs)
             Began as a Demonspawn Enchanter on Dec 10, 2022.
             Was a Follower of Dithmenos.
             Mangled by a skeletal warrior
             ... wielding a +0 glaive
              (23 damage)
             ... on level 12 of the Dungeon on Dec 12, 2022.
             The game lasted 00:43:06 (15417 turns).

conradc the Jinx (Demonspawn Enchanter)            Turns: 15417, Time: 00:43:06

Health: -7/89      AC: 19    Str: 11    XL:     12   Next: 20%
Magic:  15/22      EV: 15    Int: 18    God:    Dithmenos [*.....]
Gold:   189        SH:  0    Dex: 15    Spells: 24/29 levels left

rFire   . . .      SeeInvis +   O - +2 dagger (freeze)
rCold   . . .      Faith    .   (no shield)
rNeg    . . .      Spirit   .   V - +2 robe {Will+}
rPois   .          Reflect  .   E - +0 helmet
rElec   .          Harm     .   n - +0 cloak
rCorr   .          Rampage  .   (no gloves)
Will    +....                   (boots unavailable)
Stlth   +++++.....              H - amulet of regeneration
HPRegen 1.04/turn               g - +4 ring of protection
MPRegen 0.18/turn               C - ring of see invisible

@: about to teleport, sanguine armoured, slowed, wreathed by umbra, very slow
A: hooves 3, demonic guardian 2, foul stench 1, sanguine armour 2, low MP 1
a: Renounce Religion


You were on level 12 of the Dungeon.
You worshipped Dithmenos.
Dithmenos was aware of your devotion.
You visited 2 branches of the dungeon, and saw 14 of its levels.

You collected 839 gold pieces.
You spent 650 gold pieces at shops.

Inventory:

Hand Weapons
 a - a +1 dagger
 d - a +0 short sword
 O - a +2 dagger of freezing (weapon)
 R - a +0 rapier
Missiles
 r - 4 throwing nets
Armour
 b - a +0 robe
 n - a +0 cloak (worn)
 p - the +2 ring mail "Jocwaevo" {rC+ Str+3}
   (You found it on level 2 of the Dungeon)

   Str:       It affects your strength (+3).
   rC:        It protects you from cold.
 E - a +0 helmet (worn)
 M - a +0 buckler
 V - a +2 robe of willpower (worn)
Magical Staves
 f - a staff of air
Jewellery
 g - a +4 ring of protection (left hand)
 q - a ring of protection from fire
 B - a ring of ice
 C - a ring of see invisible (right hand)
 D - a ring of protection from fire
 H - an amulet of regeneration (around neck)
 S - a ring of ice
Wands
 y - a wand of polymorph (36)
 z - a wand of flame (17) (quivered)
 F - a wand of digging (9)
 G - a wand of charming (15)
Scrolls
 c - a scroll of enchant armour {unknown}
 i - 3 scrolls of teleportation
 k - 3 scrolls of noise
 m - 2 scrolls of identify {unknown}
 s - a scroll of silence {unknown}
 t - 3 scrolls of butterflies
 u - 4 scrolls of immolation {unknown}
 v - 2 scrolls of amnesia {unknown}
 A - 2 scrolls of brand weapon {unknown}
 I - a scroll of enchant weapon {unknown}
 J - 2 scrolls of blinking {unknown}
 Q - 2 scrolls of poison {unknown}
 W - a scroll of vulnerability {unknown}
Potions
 e - 4 potions of degeneration {unknown}
 h - 6 potions of flight {unknown}
 o - 4 potions of brilliance
 K - a potion of lignification {unknown}
 L - 3 potions of cancellation {unknown}
 N - a potion of attraction {unknown}
 P - a potion of berserk rage {unknown}
 T - a potion of magic {unknown}
 U - a potion of mutation {unknown}


   Skills:
 * Level 6.4 Fighting
 * Level 6.9 Short Blades
 * Level 7.2 Dodging
 * Level 9.2 Stealth
 * Level 9.1 Spellcasting
 * Level 9.8 Hexes
 + Level 1.2 Evocations


You had 24 spell levels left.
You knew the following spells:

 Your Spells              Type           Power      Damage    Failure   Level
a - Ensorcelled Hibernat  Hex/Ice        50%        N/A       1%          2
b - Tukima's Dance        Hex            43%        N/A       1%          3

Your spell library contained the following spells:

 Spells                   Type           Power      Damage    Failure   Level
 Confusing Touch          Hex            43%        N/A       1%          3
 Dazzling Flash           Conj/Hex       50%        N/A       3%          3
 Magic Dart               Conj           32%        1d4       9%          1
 Sting                    Tmut/Pois      32%        1d4       9%          1
 Call Imp                 Summ           8%         N/A       13%         2
 Passwall                 Tmut/Erth      6%         N/A       13%         2
 Poisonous Vapours        Pois/Air       16%        N/A       13%         2
 Static Discharge         Conj/Air       8%         3-4/arc   13%         2
 Gell's Gravitas          Tloc           8%         N/A       26%         3
 Lesser Beckoning         Tloc           8%         N/A       26%         3
 Mephitic Cloud           Conj/Pois/Air  8%         N/A       26%         3
 Swiftness                Air            8%         N/A       26%         3
 Teleport Other           Tloc           8%         N/A       26%         3
 Summon Mana Viper        Hex/Summ       25%        N/A       32%         5
 Animate Armour           Summ/Erth      16%        N/A       65%         4
 Olgreb's Toxic Radiance  Pois           8%         N/A       65%         4
 Summon Ice Beast         Ice/Summ       8%         N/A       65%         4
 Summon Lightning Spire   Summ/Air       8%         N/A       65%         4
 Conjure Ball Lightning   Conj/Air       4%         3x3d6     100%        6
 Monstrous Menagerie      Summ           4%         N/A       100%        7
 Storm Form               Tmut/Air       4%         N/A       100%        7
 Discord                  Hex            21%        N/A       100%        8
 Disjunction              Tloc           4%         N/A       100%        8
 Maxwell's Capacitive Co  Air            4%         ∞         100%        8
 Dragon's Call            Summ           4%         N/A       100%        9


Dungeon Overview and Level Annotations

Branches:
Dungeon (13/15)            Temple (1/1) D:7            Lair (0/5) D:10
    Orc: D:9-12      Vaults: D:13-14

Altars:
Ashenzari
Cheibriados
Dithmenos
Fedhas
Gozag
Hepliaklqana
Kikubaaqudgha
Makhleb
Nemelex Xobeh
Okawaru
Qazlal
Ru
Sif Muna
Trog
Uskayaw
Vehumet
Wu Jian
Xom
Yredelemnul

Shops:
D:1 :   D:2 :   D:4 *   D:6 ?(   D:10 :!

Portals:
Trove: D:10 (give 14 potions of heal wounds)

Annotations:
D:11 Azrael
D:13 Sonja


Innate Abilities, Weirdness & Mutations

You have hooves in place of feet.
A demonic guardian rushes to your aid.
You may rarely emit foul miasma when damaged in melee.
When seriously injured, your blood forms thick armour. (AC +9)
Your magical capacity is low. (-10% MP)


Message History

Casting: Ensorcelled Hibernation (safe; 1% risk of failure)
Confirm with . or Enter, or press ? or * to list all spells.
Aiming: Tukima's Dance (safe; 1% risk of failure)
Press: ? - help, Shift-Dir - straight line, f - skeletal warrior
Aim: a skeletal warrior, wielding a +1 war axe (umbra, chance to affect: 8%)
Your demonic guardian avoids your attack.
The skeletal warrior resists with almost no effort.
Your ice devil hits the skeletal warrior but does no damage.
The skeletal warrior hits your ice devil with a +1 war axe!
Your ice devil barely misses the skeletal warrior.
The skeletal warrior hits your ice devil with a +1 war axe.
Your ice devil hits the skeletal warrior.
Your ice devil freezes the skeletal warrior!
The skeletal warrior resists.
The skeletal warrior hits your ice devil with a +1 war axe!
Your ice devil hits the skeletal warrior but does no damage.
The skeletal warrior misses your ice devil.
Your ice devil hits the skeletal warrior but does no damage.
The skeletal warrior hits your ice devil with a +1 war axe!!
Your ice devil dies!
Your ice devil disappears in a puff of smoke!
Casting: Tukima's Dance (safe; 1% risk of failure)
Confirm with . or Enter, or press ? or * to list all spells.
Aiming: Tukima's Dance (safe; 1% risk of failure)
Press: ? - help, Shift-Dir - straight line, f/p - skeletal warrior
Aim: a skeletal warrior, wielding a +1 war axe (lightly damaged, chance to affect: 8%)
The skeletal warrior resists with almost no effort.
Unknown command.
Casting: Tukima's Dance (safe; 1% risk of failure)
Confirm with . or Enter, or press ? or * to list all spells.
Aiming: Tukima's Dance (safe; 1% risk of failure)
Press: ? - help, Shift-Dir - straight line, f/p - skeletal warrior
Aim: a skeletal warrior, wielding a +1 war axe (lightly damaged, umbra, chance to affect: 8%)
The skeletal warrior resists with almost no effort.
The skeletal warrior hits you but does no damage.
Unknown command.
As you read the scroll of teleportation, it crumbles to dust.
You feel strangely unstable.
The skeletal warrior hits you from afar with a +0 glaive!!
You die...

#.# #... #.##.# .
#..# # #.##.# .##
#..# # #.##.# ..#
#..### #z##.# #.#
#..##. #.##.#
#.####..... #z##.#
#.##...###.
#z##.####.##.#.....
#.@...........<....
#########.###.#####
#.###.# #....[#
#######


You could see 3 skeletal warriors.

Vanquished Creatures
  A boulder beetle (D:12)
  Erica (D:8)
  A centaur warrior (D:8)
  A two-headed ogre (D:10)
  Pikel (D:9)
  2 cyclopes (D:11)
  Maurice (D:10)
  Joseph (D:9)
  An unseen horror (D:10)
  4 kobold demonologists
  2 komodo dragons
  2 tengu conjurers (D:13)
  2 trolls
  A slime creature (D:12)
  16 yaks
  A shadow (D:12)
  A wraith (D:10)
  2 vampires
  A fire elemental (D:12)
  2 steam dragons
  2 water moccasins
  A sky beast (D:7)
  An ice beast (D:6)
  A black bear (D:7)
  An ogre (D:6)
  A centaur (D:5)
  A phantom (D:3)
  2 lemures (D:9)
  2 necrophages
  A bullfrog (D:6)
  A gnoll sergeant (D:5)
  5 wights
  4 killer bees (D:7)
  5 howler monkeys
  3 orc priests
  4 hounds
  A gnoll bouda (D:9)
  2 jellies
  Natasha (thrice) (D:2)
  An iguana (D:6)
  4 orc wizards
  12 gnolls
  6 adders
  2 shadow imps (D:7)
  3 white imps
  An ufetubus (D:5)
  2 worms
  4 dart slugs
  11 orcs
  6 ball pythons
  3 endoplasms
  7 giant cockroaches
  4 goblins
  11 hobgoblins
  3 jackals (D:1)
  11 kobolds
  5 quokkas
  7 bats
  2 frilled lizards (D:2)
  5 rats
195 creatures vanquished.

Vanquished Creatures (collateral kills)
  Snorg (D:10)
  2 two-headed ogres
  A freezing wraith (D:12)
  A komodo dragon (D:10)
  A troll (D:11)
  A wraith (D:10)
  3 yaks (D:9)
  Eustachio (D:5)
  3 fire elementals
  Edmund (D:5)
  2 hell hounds (D:12)
  A water moccasin (D:8)
  An ice beast (D:8)
  An ogre (D:6)
  A kobold brigand (D:10)
  A phantom (D:7)
  Blork the orc (D:5)
  A bullfrog (D:8)
  5 wights
  2 orc priests
  A gnoll bouda (D:7)
  6 gnolls
  An orc (D:8)
39 creatures vanquished.

Vanquished Creatures (others)
  18 dancing weapons
  2 hell hounds (D:12)
  2 kobolds (D:10)
22 creatures vanquished.

Grand Total: 256 creatures vanquished

Notes
Turn   | Place    | Note
-------+----------+-------------------------------------------
     0 | D:1      | conradc the Demonspawn Enchanter began the quest for the
                  | Orb.
     0 | D:1      | Reached XP level 1. HP: 13/13 MP: 3/3
    94 | D:1      | Reached skill level 1 in Short Blades
   402 | D:1      | Gained mutation: You have large cloven feet. [demonic
                  | ancestry]
   402 | D:1      | Reached XP level 2. HP: 5/19 MP: 5/5
   675 | D:1      | Learned a level 2 spell: Ensorcelled Hibernation
   732 | D:1      | Found a faded altar of an unknown god.
   880 | D:1      | Found Zux Boe's Vocational Training.
  1892 | D:2      | Gained mutation: You have hoof-like feet. [demonic
                  | ancestry]
  1892 | D:2      | Reached XP level 3. HP: 24/25 MP: 6/6
  1893 | D:2      | Noticed Natasha
  1899 | D:2      | Killed Natasha
  1980 | D:2      | Found Efocidur's Book Boutique.
  2060 | D:2      | Noticed Natasha
  2064 | D:2      | Reached skill level 1 in Fighting
  2068 | D:2      | Killed Natasha
  2069 | D:2      | Reached XP level 4. HP: 23/32 MP: 4/7
  2545 | D:2      | Learned a level 3 spell: Tukima's Dance
  2677 | D:2      | Identified the +2 ring mail "Jocwaevo" {rC+ Str+3}
  3366 | D:3      | Gained mutation: When seriously injured, your blood forms
                  | armour. (AC +9) [demonic ancestry]
  3366 | D:3      | Reached XP level 5. HP: 15/37 MP: 1/8
  4461 | D:4      | Found Byaczar's Bounteous Boutique.
  4467 | D:4      | Noticed a phantom
  4506 | D:3      | Killed a phantom
  4507 | D:3      | Gained mutation: When seriously injured, your blood forms
                  | thick armour. (AC +9) [demonic ancestry]
  4507 | D:3      | Reached XP level 6. HP: 29/44 MP: 10/10
  4890 | D:4      | Found a shadowy altar of Dithmenos.
  5177 | D:5      | Entered Level 5 of the Dungeon
  5177 | D:5      | Noticed a water moccasin
  5192 | D:4      | Killed a water moccasin
  5477 | D:5      | Reached XP level 7. HP: 41/50 MP: 8/11
  5582 | D:5      | Noticed Eustachio
  5611 | D:5      | Killed Eustachio
  5612 | D:5      | Reached skill level 5 in Stealth
  5776 | D:5      | Found a shimmering blue altar of Sif Muna.
  6022 | D:5      | Noticed Blork the orc
  6042 | D:5      | Killed Blork the orc
  6275 | D:5      | Noticed Edmund
  6289 | D:5      | Killed Edmund
  6639 | D:6      | Found Lokhlonwu's Firing Range.
  6720 | D:6      | Gained mutation: A weak demonic guardian rushes to your
                  | aid. [demonic ancestry]
  6720 | D:6      | Reached XP level 8. HP: 42/57 MP: 8/13
  6851 | D:6      | Reached skill level 5 in Hexes
  7067 | D:6      | Found Yhyck's Magic Scroll Boutique.
  7093 | D:6      | Found a broken altar of Ashenzari.
  8053 | D:7      | You fall into a shaft and drop 2 floors!
  8057 | D:9      | Noticed a kobold demonologist
  8065 | D:8      | Gained mutation: You may rarely emit foul miasma when
                  | damaged in melee. [demonic ancestry]
  8065 | D:8      | Reached XP level 9. HP: 63/65 MP: 16/16
  8247 | D:7      | Reached skill level 5 in Spellcasting
  8696 | D:7      | Noticed a boulder beetle
  8851 | D:7      | Found a sparkling altar of Nemelex Xobeh.
  8922 | D:7      | Found a staircase to the Ecumenical Temple.
  8931 | Temple   | Entered the Ecumenical Temple
  9250 | D:8      | Noticed Erica
  9274 | D:9      | Killed a kobold demonologist
  9275 | D:9      | Reached skill level 5 in Dodging
  9295 | D:9      | Noticed Joseph
  9335 | D:9      | Killed Joseph
  9666 | D:8      | Gained mutation: A demonic guardian rushes to your aid.
                  | [demonic ancestry]
  9666 | D:8      | Reached XP level 10. HP: 57/73 MP: 16/18
  9682 | D:8      | Reached skill level 5 in Short Blades
  9844 | D:8      | Killed Erica
  9922 | D:8      | Found a burning altar of Makhleb.
 10007 | D:8      | Noticed a centaur warrior
 10021 | D:8      | Killed a centaur warrior
 10401 | D:9      | Found an ornate altar of the Wu Jian Council.
 10432 | D:9      | Reached skill level 5 in Fighting
 10498 | D:9      | Noticed Pikel
 10528 | D:9      | Killed Pikel
 10730 | D:9      | Got the Lectures on Assembled Fog
 10843 | D:9      | Noticed a two-headed ogre
 10851 | D:9      | Killed a two-headed ogre
 10852 | D:9      | Gained mutation: You have hooves in place of feet. [demonic
                  | ancestry]
 10852 | D:9      | Reached XP level 11. HP: 58/80 MP: 7/22
 11080 | D:10     | Entered Level 10 of the Dungeon
 11210 | D:10     | Found Caafrya's Distillery.
 11377 | D:2      | Noticed Natasha
 11390 | D:2      | Killed Natasha
 11434 | D:2      | Bought a book of Chaos for 650 gold pieces
 11538 | D:4      | Became a worshipper of Dithmenos the Shadowed
 11548 | D:4      | You fall into a shaft and drop 1 floor!
 11982 | D:10     | Found Waaledeg's Book Boutique.
 12008 | D:10     | Noticed a two-headed ogre
 12009 | D:10     | Noticed Maurice
 12024 | D:10     | Killed a two-headed ogre
 12223 | D:10     | Killed Maurice
 12489 | D:10     | Noticed Snorg
 12493 | D:10     | Found a staircase to the Lair.
 12565 | D:10     | Killed Snorg
 12653 | D:10     | Found the +14 obsidian axe {vorpal, Mesm Drain Fly SInv}
 12722 | D:10     | Found a portal to a secret trove of treasure.
 12803 | D:11     | Gained mutation: Your magical capacity is low. (-10% MP) [a
                  | neqoxec]
 12827 | D:11     | Noticed a soul eater
 12833 | D:10     | HP: 2/81 [komodo dragon (15)]
 13049 | D:11     | Noticed a two-headed ogre
 13061 | D:11     | Killed a two-headed ogre
 13209 | D:11     | Noticed a soul eater
 13238 | D:11     | Reached * piety under Dithmenos
 13717 | D:11     | Found an iron altar of Okawaru.
 13902 | D:12     | Noticed Azrael
 14548 | D:12     | Reached XP level 12. HP: 55/88 MP: 22/22
 14715 | D:12     | Noticed a boulder beetle
 14745 | D:12     | Killed a boulder beetle
 14746 | D:12     | Reached skill level 1 in Evocations
 14865 | D:12     | HP: 1/89 [enormous slime creature (38)]
 15340 | D:13     | Noticed Sonja
 15340 | D:13     | Noticed a centaur warrior
 15374 | D:13     | Noticed a death knight
 15407 | D:12     | HP: 1/89 [freezing wraith[a death knight] (23)]
 15417 | D:12     | Mangled by a skeletal warrior

Illustrated notes

Levels and vault maps discovered:
D:1:      evilmike_arrival_crescent, layout_basic,
          dreamdust_ecumenical_altar_angels_and_demons, nicolae_shop_vocational
D:2:      minmay_chambers_of_ones, layout_loops_ring, serial_shops,
          nicolae_shop_advertising_works [nicolae_subvault_shop_adworks],
          uniq_natasha
D:3:      layout_basic
D:4:      layout_rooms, mainiacjoe_overflow_brackets, nicolae_alphabet_shops,
          dk_noncrumbling_4, kennysheep_decorative_pillar, minmay_statues_item,
          hangedman_decor_peaks_small
D:5:      layout_basic, nicolae_sif_muna_little_library,
          nicolae_fountain_basement, uniq_blork_the_orc, uniq_edmund,
          uniq_eustachio
D:6:      layout_loops_ring, mainiacjoe_overflow_surrounded_room, serial_shops,
          kennysheep_mini, nicolae_shop_firing_range
D:7:      layout_cave_pools, nemelex_spade_bored_becter,
          minmay_temple_entry_nine_rooms, corexii_corridor_pit,
          skrybe_limestone_x, corexii_mini_fake_secret_closet,
          lightli_corner_chamber
D:8:      layout_rooms, amcnicky_altar_gilded, uniq_erica
D:9:      layout_cave_pools, old_standard_altar, uniq_pikel, uniq_joseph
D:10:     layout_small_grid, lair_entry_dummy, serial_shops,
          nicolae_square_shop, shop, nicolae_trove_entry_columns, uniq_maurice,
          uniq_snorg
D:11:     layout_roguey, okawaru_altar_gauntlet_db
D:12:     layout_loops_ring, orc_0_dummy, uniq_azrael
D:13:     layout_roguey, serial_shops, shop, kennysheep_just_a_vault, uniq_sonja
Temple:   nicolae_temple_slightly_damp_pantheon

Skill      XL: |  1  2  3  4  5  6  7  8  9 10 11 12 |
---------------+-------------------------------------+-----
Short Blades   | 1 2 3 4 6 |  6.9
Dodging        | 2 3 4 5 6 7 |  7.2
Stealth        | 3 4 5 6 7 8 9 |  9.2
Fighting       | 1 2 3 4 5 6 |  6.4
Hexes          | 4 5 7 8 9 |  9.8
Spellcasting   | 3 4 5 7 8 9 |  9.1
Evocations     | 1 |  1.2

Action                   |  1- 3 |  4- 6 |  7- 9 | 10-12 || total
-------------------------+-------+-------+-------+-------++-------
Melee: Short sword       |    74 |   184 |   356 |   169 ||   783
       Dagger            |     4 |       |       |   153 ||   157
       Kick              |    10 |    50 |   131 |   160 ||   351
       Punch             |       |     2 |     6 |     7 ||    15
       Rapier            |       |       |       |   111 ||   111
 Cast: Ensorcelled Hiber |     9 |    16 |    39 |   116 ||   180
       Tukima's Dance    |       |     4 |    41 |    40 ||    85
Evoke: Wand              |       |       |     5 |    29 ||    34
  Use: Potion            |       |     2 |     9 |     5 ||    16
       Scroll            |       |       |     1 |     8 ||     9
 Stab: Sleeping          |    12 |    17 |    32 |    32 ||    93
       Invisible         |       |     1 |       |       ||     1
       Distracted        |       |       |       |     3 ||     3
Armor: Robe              |    13 |    64 |   144 |   151 ||   372
       Ring mail         |       |     9 |       |       ||     9
       Skin              |       |     1 |       |       ||     1
Dodge: Dodged            |    45 |   137 |   261 |   327 ||   770
